 Dungeon Crawl Stone Soup version 0.30-a0-852-g08b95dd62f (webtiles) character file.

Game seed: 7829963044753319148

11494 Darius099 the Severer (level 11, -3/90 HPs)
             Began as a Minotaur Fighter on Mar 4, 2023.
             Was a High Priest of Okawaru.
             Slain by a meliai
             ... wielding a +2 hand axe of distortion
              (17 damage)
             ... on level 11 of the Dungeon.
             The game lasted 00:25:08 (7944 turns).

Darius099 the Severer (Minotaur Fighter)            Turns: 7944, Time: 00:25:09

Health: -3/90      AC: 15    Str: 26    XL:     11   Next: 50%
Magic:  10/15      EV:  7    Int:  5    God:    Okawaru [*****.]
Gold:   491        SH:  6    Dex: 15    Spells: 10/10 levels left

rFire   . . .      SeeInvis +    H - +16 obsidian axe {drain, demonic, Mesm Drain Fly SInv}
rCold   . . .      Faith    .    c - +0 buckler
rNeg    . . .      Spirit   .    y - +0 plate armour
rPois   +          Reflect  .    M - +1 hat
rElec   .          Rampage  .    O - +0 cloak
rCorr   .                        (no gloves)
Will    .....                    (no boots) Stlth
                                 r - amulet of regeneration
HPRegen 1.15/turn                e - +6 ring of dexterity
MPRegen 0.14/turn                t - ring of poison resistance

@: finesse-ful, flying, mesmerised
A: horns 2, retaliatory headbutt
a: Renounce Religion, Heroism, Finesse, Duel


You were on level 11 of the Dungeon.
You worshipped Okawaru.
Okawaru was extremely pleased with you.
You visited 2 branches of the dungeon, and saw 12 of its levels.

You collected 491 gold pieces.

Inventory:

Hand Weapons
 a - a +1 war axe
 H - the +16 obsidian axe (weapon) {drain, demonic, Mesm Drain Fly SInv}
   (You found it on level 9 of the Dungeon)

   Mesm:      Its wielder is mesmerised by any visible foes, and it cannot be
   unequipped while any foes are visible.
   SInv:      It lets you see invisible.
   Fly:       It grants you flight.
   Drain:     It drains your maximum health when unequipped.
Missiles
 f - 26 poisoned darts (quivered)
 g - 60 stones
 h - 7 boomerangs
 E - 2 atropa-tipped darts
Armour
 c - a +0 buckler (worn)
 y - a +0 plate armour (worn)
 z - a +0 tower shield
 M - a +1 hat (worn)
 O - a +0 cloak (worn)
Jewellery
 e - a +6 ring of dexterity (left hand)
 k - a +6 ring of dexterity
 r - an amulet of regeneration (around neck)
 t - a ring of poison resistance (right hand)
 v - a ring of protection from cold
Wands
 n - a wand of polymorph (1)
 u - a wand of paralysis (17)
 D - a wand of acid (16)
 I - a wand of mindburst (11)
 L - a wand of flame (24)
Scrolls
 i - 3 scrolls of teleportation
 l - 3 scrolls of enchant armour {unknown}
 w - a scroll of blinking {unknown}
 F - a scroll of magic mapping
 G - a scroll of silence {unknown}
 K - a scroll of fear {unknown}
 N - a scroll of identify
Potions
 b - a potion of mutation {unknown}
 d - 3 potions of might
 j - 4 potions of curing
 m - 4 potions of ambrosia
 p - a potion of cancellation {unknown}
 q - 4 potions of attraction
 s - 2 potions of magic
 x - 3 potions of flight {unknown}
 A - a potion of brilliance
 B - 2 potions of haste {unknown}
 C - a potion of invisibility
 P - a potion of degeneration {unknown}
Miscellaneous
 J - a phial of floods


   Skills:
 + Level 6.3 Fighting
 - Level 16.0 Axes
 - Level 7.0 Throwing
 + Level 6.3 Armour
 + Level 6.3 Shields
 - Level 7.0 Invocations


You had 10 spell levels left.
You didn't know any spells.
Your spell library contained the following spells:

 Spells                   Type           Power      Damage    Failure   Level
 Freeze                   Ice            0%         1d3       100%        1
 Magic Dart               Conj           0%         1d3       100%        1
 Cigotuvi's Dreadful Rot  Necr/Pois/Air  0%         N/A       100%        2
 Poisonous Vapours        Pois/Air       0%         N/A       100%        2
 Frozen Ramparts          Ice            0%         1d1       100%        3
 Hailstorm                Conj/Ice       0%         3d3       100%        3
 Mephitic Cloud           Conj/Pois/Air  0%         N/A       100%        3
 Blade Hands              Tmut           0%         N/A       100%        5
 Freezing Cloud           Conj/Ice/Air   0%         6-21      100%        5
 Iron Shot                Conj/Erth      0%         9d1       100%        6
 Polar Vortex             Ice            0%         N/A       100%        9
 Call Imp                 Summ           Unusable   N/A       N/A         2
 Animate Armour           Summ/Erth      Unusable   N/A       N/A         4
 Simulacrum               Ice/Necr       Unusable   N/A       N/A         6

Dungeon Overview and Level Annotations

Branches:
Dungeon (11/15)            Temple (1/1) D:4             Orc (0/2) D:11
   Lair: D:8-11

Altars:
Ashenzari
Cheibriados
Dithmenos
Fedhas
Gozag
Hepliaklqana
Kikubaaqudgha
Makhleb
Okawaru
Qazlal
Ru
Sif Muna
Trog
Uskayaw
Vehumet
Wu Jian
Yredelemnul
Zin
The Shining One

Shops:
D:3 =   D:7 *   D:8 ?   D:11 *


Innate Abilities, Weirdness & Mutations

You have a pair of horns on your head.
You reflexively headbutt those who attack you in melee.


Message History

The meliai stings you but does no damage.
The orc wizard gestures wildly while chanting.
The orc wizard flickers and vanishes for a moment.
You feel much better.
The meliai calls down the wrath of its god upon you.
Something smites you!
* * * LOW HITPOINT WARNING * * *
The meliai closely misses you. You furiously retaliate!
You headbutt the meliai, but do no damage.
The meliai stings you!
* * * LOW HITPOINT WARNING * * *
You slash the meliai!
The meliai is heavily wounded.
You block the meliai's attack.
The meliai stings you but does no damage.
The meliai hits you with a +2 hand axe of distortion.
* * * LOW HITPOINT WARNING * * *
Space warps around you.
* * * LOW HITPOINT WARNING * * *
The meliai stings you.
* * * LOW HITPOINT WARNING * * *
The orc wizard grunts loudly.
You feel much better. The meliai hits you but does no damage.
You block the meliai's attack. x2
The meliai stings you but does no damage.
You closely miss the meliai. Your headbutt misses the meliai.
The meliai is moderately wounded.
The meliai hits you with a +2 hand axe of distortion.
* * * LOW HITPOINT WARNING * * *
Space warps around you.
* * * LOW HITPOINT WARNING * * *
The meliai stings you but does no damage.
You block the meliai's attack. The meliai stings you.
* * * LOW HITPOINT WARNING * * *
A manticore comes into view.
You can now deal lightning-fast blows.
The meliai hits you with a +2 hand axe of distortion.
* * * LOW HITPOINT WARNING * * *
Space warps horribly around you!
You die...

.......#..........
##.......# ############
###### ##.....##
♣.♣♣.†..♣#♣♣....♣
#....##
♣....≈≈≈.#♣.≈≈≈≈~
#....#
♣.♣.♣.~~...≈≈≈≈~≈
#....#
♣P....((♣.♣..♣♣#♣.≈≈≈≈)
.####..# ♣♣♣♣♣♣♣o♣♣♣♣♣♣
♣♣....♣ .......###
##y## ###### ####.....#
♣@..♣ # ##..#.#
♣..♣♣♣..♣ #..#.# ♣.. .♣
##>#.# ♣.H ♣ #.#.# .♣♣
#.#.# ## #.#.# #.#.#
#.#.#


You could see a manticore, a meliai (mesmerising) and an orc wizard (invisible).

Vanquished Creatures
  2 two-headed ogres
  Pikel (D:7)
  A deep elf pyromancer (D:9)
  A deep elf zephyrmancer (D:9)
  3 cyclopes (D:11)
  An unseen horror (D:11)
  Joseph (D:7)
  Maurice (D:9)
  2 komodo dragons (D:11)
  3 trolls
  A hornet (D:9)
  A wraith (D:11)
  2 wyverns
  A shadow (D:9)
  8 yaks
  A steam dragon (D:8)
  Edmund (D:6)
  An acid dragon (D:9)
  A water moccasin (D:7)
  A swamp drake (D:9)
  4 orc warriors
  A sky beast (D:7)
  2 black bears
  3 ogres
  2 centaurs
  A lemure (D:7)
  2 phantoms
  2 bullfrogs
  2 scorpions
  15 wights
  3 killer bees (D:10)
  6 howler monkeys
  An electric eel (D:11)
  A crimson imp (D:9)
  6 hounds
  4 orc priests
  A sleepcap (D:4)
  An iron imp (D:9)
  3 iguanas
  12 orc wizards
  Robin (D:3)
  10 gnolls
  6 adders
  2 shadow imps
  2 white imps
  A worm (D:2)
  4 dart slugs
  26 orcs
  6 ball pythons
  5 bats
  12 endoplasms
  3 giant cockroaches
  13 goblins
  6 hobgoblins
  3 jackals (D:2)
  5 quokkas
  2 frilled lizards
  5 kobolds
  2 rats (D:3)
220 creatures vanquished.

Notes
Turn   | Place    | Note
-------+----------+-------------------------------------------
     0 | D:1      | Darius099 the Minotaur Fighter began the quest for the Orb.
     0 | D:1      | Reached XP level 1. HP: 19/19 MP: 0/0
    65 | D:1      | Reached skill level 3 in Axes
    87 | D:1      | Reached XP level 2. HP: 26/26 MP: 1/1
   189 | D:1      | Reached skill level 4 in Axes
   678 | D:2      | Reached XP level 3. HP: 31/31 MP: 2/2
  1035 | D:2      | Reached skill level 5 in Axes
  1221 | D:3      | Noticed Robin
  1228 | D:3      | Reached XP level 4. HP: 39/39 MP: 3/3
  1234 | D:3      | Killed Robin
  1250 | D:3      | Reached skill level 6 in Axes
  1264 | D:3      | Reached XP level 5. HP: 13/45 MP: 4/4
  1561 | D:3      | Noticed a black bear
  1568 | D:3      | Killed a black bear
  1569 | D:3      | Reached skill level 7 in Axes
  1722 | D:3      | Found a faded altar of an unknown god.
  1785 | D:3      | Found Ybeucaec's Jewellery Shoppe.
  1848 | D:3      | Identified the +4 quarterstaff "Jojaqopuu" {heavy, Stlth+}
  2084 | D:4      | Found a staircase to the Ecumenical Temple.
  2104 | Temple   | Entered the Ecumenical Temple
  2260 | Temple   | Became a worshipper of Warmaster Okawaru
  2274 | D:4      | Noticed a phantom
  2276 | D:4      | Killed a phantom
  2277 | D:4      | Reached XP level 6. HP: 51/51 MP: 5/5
  2350 | D:4      | Noticed an orc warrior
  2357 | D:4      | Reached skill level 8 in Axes
  2363 | D:4      | Killed an orc warrior
  2363 | D:4      | Reached * piety under Okawaru
  2895 | D:4      | Reached skill level 9 in Axes
  2958 | D:4      | Found an opulent altar of Gozag.
  3038 | D:4      | Reached XP level 7. HP: 56/57 MP: 6/6
  3077 | D:4      | Found a snail-covered altar of Cheibriados.
  3084 | D:4      | Found a shimmering blue altar of Sif Muna.
  3339 | D:5      | Entered Level 5 of the Dungeon
  3438 | D:5      | Reached skill level 10 in Axes
  3650 | D:5      | Reached ** piety under Okawaru
  3808 | D:5      | Reached skill level 11 in Axes
  3819 | D:5      | Reached XP level 8. HP: 64/64 MP: 7/7
  4128 | D:6      | Reached skill level 12 in Axes
  4138 | D:6      | Noticed Edmund
  4161 | D:6      | Killed Edmund
  4854 | D:7      | Reached skill level 13 in Axes
  4912 | D:7      | Reached *** piety under Okawaru
  4919 | D:7      | Found Apoorunt's Fire Supplies.
  4954 | D:7      | Noticed Pikel
  4989 | D:7      | Killed Pikel
  4990 | D:7      | Reached skill level 14 in Axes
  4990 | D:7      | Reached XP level 9. HP: 52/70 MP: 8/8
  5136 | D:7      | Noticed Joseph
  5196 | D:7      | Killed Joseph
  5196 | D:7      | Reached **** piety under Okawaru
  5528 | D:8      | Reached skill level 15 in Axes
  5659 | D:8      | Found a hazy altar of Hepliaklqana.
  5783 | D:8      | Reached skill level 16 in Axes
  5783 | D:8      | Reached skill level 1 in Throwing
  5783 | D:8      | Reached skill level 1 in Invocations
  5836 | D:8      | Found Faqin's Magic Scroll Boutique.
  5856 | D:8      | You fall into a shaft and drop 3 floors!
  5910 | D:11     | Noticed a komodo dragon
  5944 | D:11     | Killed a komodo dragon
  6009 | D:11     | Noticed a manticore
  6051 | D:11     | Found a staircase to the Orcish Mines.
  6055 | D:11     | Found Vedd's Gadget Gallery.
  6147 | D:10     | Entered Level 10 of the Dungeon
  6248 | D:10     | Reached XP level 10. HP: 71/77 MP: 9/11
  6381 | D:9      | Found the +16 obsidian axe {drain, demonic, Mesm Drain Fly
                  | SInv}
  6390 | D:9      | Found a glowing golden altar of the Shining One.
  6392 | D:9      | Found a stormy altar of Qazlal.
  6394 | D:9      | Found a glowing silver altar of Zin.
  6524 | D:9      | Reached ***** piety under Okawaru
  6567 | D:9      | Noticed a two-headed ogre
  6572 | D:9      | Killed a two-headed ogre
  6573 | D:9      | Reached skill level 5 in Throwing
  6573 | D:9      | Reached skill level 5 in Invocations
  6601 | D:9      | Noticed Maurice
  6604 | D:9      | Paralysed by Maurice for 4 turns
  6612 | D:9      | Killed Maurice
  6612 | D:9      | Received a gift from Okawaru
  6840 | D:9      | Noticed a deep elf zephyrmancer
  6847 | D:9      | Killed a deep elf zephyrmancer
  6858 | D:9      | Noticed a deep elf pyromancer
  6862 | D:9      | Killed a deep elf pyromancer
  7224 | D:9      | Reached XP level 11. HP: 55/84 MP: 15/15
  7867 | D:11     | Noticed a two-headed ogre
  7876 | D:11     | Received a gift from Okawaru
  7877 | D:11     | Reached skill level 5 in Fighting
  7877 | D:11     | Reached skill level 5 in Armour
  7877 | D:11     | Reached skill level 5 in Shields
  7878 | D:11     | Killed a two-headed ogre
  7941 | D:11     | HP: 3/90 [meliai/+2 hand axe of distortion (6)]
  7944 | D:11     | Slain by a meliai

Illustrated notes

Levels and vault maps discovered:
D:1:      heliophobic_arrival_henge, layout_rooms, ebering_dispersal_statue_hall
D:2:      layout_basic
D:3:      layout_loops_ring, ebering_ecumenical_altar_ruins, serial_shops, shop,
          hangedman_abyss_or_decor_lesser_grid, uniq_robin
D:4:      layout_loops_corners, mainiacjoe_overflow_concentric_impassable,
          mainiacjoe_overflow_big_doors, minmay_temple_entry_statues_pillars
D:5:      layout_rooms
D:6:      layout_gridville, due_unseen_surprise, uniq_edmund
D:7:      layout_rooms, nicolae_shop_fire_sale [nicolae_sub_dead_trees],
          lemuel_flamethrower_2, uniq_joseph, uniq_pikel
D:8:      layout_rooms, mainiacjoe_overflow_catwalk,
          mainiacjoe_overflow_alcove_4, nemelex_diamond_rough_becter,
          nicolae_overflow_hidden_temple, serial_shops, kennysheep_mini_moat
D:9:      layout_grid_maze, chequers_temple_overflow_statue_of_worship,
          hangedman_minor_magic, uniq_maurice
D:10:     layout_loops_ring
D:11:     nzn_winding_woodlands_huge [nzn_winding_woodlands_5x15_concentric,
          nzn_winding_woodlands_5x15_river_crossing,
          nzn_winding_woodlands_5x15_pathside_ponds,
          nzn_winding_woodlands_5x15_zeroes, nzn_winding_woodlands_5x15_twine,
          nzn_winding_woodlands_5x15_crooked,
          nzn_winding_woodlands_5x15_default,
          nzn_winding_woodlands_5x15_longhouse,
          nzn_winding_woodlands_5x15_cabin, nzn_winding_woodlands_5x15_jagged,
          nzn_winding_woodlands_center_lodge,
          nzn_winding_woodlands_center_pierced_h,
          nzn_winding_woodlands_15x15_five_gardens], layout_basic,
          nicolae_shop_gadgets
Temple:   hellmonk_temple_flake

Skill      XL: |  1  2  3  4  5  6  7  8  9 10 11 |
---------------+----------------------------------+-----
Axes           | 3 4 5 6 7 9 11 14 16 | 16.0
Throwing       | 3 7 |  7.0
Invocations    | 3 7 |  7.0
Fighting       | 4 6 |  6.3
Armour         | 4 6 |  6.3
Shields        | 4 6 |  6.3

Action                     |  1- 3 |  4- 6 |  7- 9 | 10-12 || total
---------------------------+-------+-------+-------+-------++-------
  Melee: War axe           |    77 |    78 |   236 |    19 ||   410
         Headbutt          |    11 |    14 |    45 |    15 ||    85
         Broad axe         |       |       |       |    89 ||    89
 Invoke: Heroism           |       |       |     4 |       ||     4
         Finesse           |       |       |       |     1 ||     1
    Use: Scroll            |       |       |    13 |       ||    13
         Potion            |       |       |     1 |     3 ||     4
 Armour: Scale mail        |    39 |    19 |       |       ||    58
         Plate armour      |       |     4 |    96 |    51 ||   151
         Skin              |       |       |     2 |       ||     2
  Dodge: Dodged            |    30 |    32 |    47 |    26 ||   135
  Block: Buckler           |    26 |    23 |    48 |    27 ||   124

Table legend: (Time is in decaauts)
 A = Elapsed time spent in this place.
 B = Non-inter-level travel time spent in this place.
 C = Inter-level travel time spent in this place.
 D = Time resting spent in this place.
 E = Time spent auto-exploring this place.
 F = Levels seen in this place.
 G = Mean time per level.
                   A        B        C        D        E       F      G
               +--------+--------+--------+--------+--------+-----+--------+
         Total |   7939 |   7662 |    277 |    664 |   4584 |  12 |  661.6 |
       Dungeon |   7773 |   7517 |    256 |    664 |   4454 |  11 |  706.6 |
        Temple |    165 |    144 |     21 |      0 |    130 |   1 |  165.0 |
               +--------+--------+--------+--------+--------+-----+--------+

Top non-repeatable levels by time:
     D:4: 1093 daAuts
     D:9: 1046 daAuts
     D:3: 897 daAuts
     D:6: 884 daAuts
     D:7: 727 daAuts
     D:2: 714 daAuts
    D:10: 655 daAuts
     D:5: 619 daAuts
     D:1: 508 daAuts
    D:11: 361 daAuts
     D:8: 263 daAuts
  Temple: 165 daAuts
